 Dungeon Crawl Stone Soup version 0.25.1-2-g60ff931df9 (webtiles) character file.

Game seed: 5251912060500271698

136 DearestLeader the Conjurer (level 4, 0/24 HPs)
             Began as a Deep Elf Conjurer on Sept 12, 2020.
             Killed from afar by Sigmund (6 damage)
             ... with a magic dart
             ... on level 2 of the Dungeon.
             The game lasted 00:04:45 (1433 turns).

DearestLeader the Conjurer (Deep Elf Conjurer)      Turns: 1433, Time: 00:04:45

Health: 0/24       AC:  2    Str:  5    XL:     4   Next: 98%
Magic:  1/10       EV: 13    Int: 21    God:
Gold:   54         SH:  0    Dex: 15    Spells: 8/9 levels left

rFire    . . .     SeeInvis .   f - +0 whip (elec)
rCold    . . .     Gourm    .   (no shield)
rNeg     . . .     Faith    .   a - +0 robe
rPois    .         Spirit   .   (no helmet)
rElec    .         Reflect  .   (no cloak)
rCorr    +         Harm     .   (no gloves)
MR       .....                  (no boots)
Stlth    ++........             (no amulet)
HPRegen  0.08/turn              k - ring of resist corrosion
MPRegen  0.12/turn              (no ring)

@: no status effects
A: no striking features
a: no special abilities


You were on level 2 of the Dungeon.
You were not hungry.

You visited 1 branch of the dungeon, and saw 2 of its levels.

You collected 54 gold pieces.

Inventory:

Hand Weapons
 f - a +0 whip of electrocution (weapon)
 i - a +1 dagger of holy wrath
Armour
 a - a +0 robe (worn)
Jewellery
 k - a ring of resist corrosion (left hand)
Potions
 b - a potion of curing {unknown}
 d - 2 potions of stabbing {unknown}
 e - 2 potions of flight {unknown}
 g - a potion of brilliance {unknown}
 h - 4 potions of degeneration {unknown}
Comestibles
 c - 3 rations


   Skills:
 - Level 2.4 Dodging
 - Level 2.4 Stealth
 - Level 3.0 Spellcasting
 * Level 7.0 Conjurations


You had 8 spell levels left.
You knew the following spells:

 Your Spells              Type           Power        Failure   Level  Hunger
a - Magic Dart            Conj           ####         1%          1    None

Your spell library contained the following spells:

 Spells                   Type           Power        Failure   Level  Hunger
 Searing Ray              Conj           ####..       1%          2    ##.....
 Dazzling Flash           Conj/Hex       ###...       10%         3    ###....
 Fulminant Prism          Conj/Hex       ###.......   30%         4    ####...
 Iskenderun's Mystic Bla  Conj/Tloc      ###.....     30%         4    ####...


Dungeon Overview and Level Annotations

Branches:
Dungeon (2/15)

Altars:

Annotations:
D:2 Sigmund, Terence


Message History

Press: ? - help, Shift-Dir - straight line, f/p - Sigmund
Aim: Sigmund, wielding a +0 scythe and wearing a +0 robe (almost dead)
The magic dart hits Sigmund.
Sigmund is almost dead.
Sigmund mumbles some strange words.
Sigmund flickers and vanishes!
Deactivating autopickup; reactivate with Ctrl-A.
Casting: Magic Dart (safe; 1% risk of failure)
Confirm with . or Enter, or press ? or * to list all spells.
You don't know that spell.
Unknown command.
Something hits you.
All of the chunks of flesh in your inventory have rotted away.
You hit something. Something hits you. The hobgoblin hits you with a +0 club.
You miss something. The hobgoblin hits you with a +0 club.
* * * LOW HITPOINT WARNING * * *
You hear some strange, mumbled words.
A magic dart appears from out of thin air!
The magic dart hits you.
You die...

......#
#....)...........@#
##.##.#####..####.##.....
##.##........#.##)#.##.##
...#########..#......#..
#### #...........#
#.#.......#.#
#.............
#.#..{g.####.#
#.#..@..####.# #
#.......... #.....##.....
###..#..#.... ##.#.......
...####### .#.. .### #


You could see a hobgoblin.

Vanquished Creatures
  A phantom (D:2)
  An adder (D:2)
  A worm (D:2)
  4 dart slugs
  3 giant cockroaches
  3 goblins
  2 hobgoblins (D:2)
  A quokka (D:2)
  3 bats
  2 frilled lizards
  6 kobolds
  3 rats
30 creatures vanquished.

Notes
Turn   | Place    | Note
-------+----------+-------------------------------------------
     0 | D:1      | DearestLeader the Deep Elf Conjurer began the quest for the
                  | Orb.
     0 | D:1      | Reached XP level 1. HP: 10/10 MP: 6/6
   255 | D:1      | Reached XP level 2. HP: 15/15 MP: 5/8
   296 | D:1      | Reached skill level 5 in Conjurations
   944 | D:2      | Reached XP level 3. HP: 19/19 MP: 5/9
   978 | D:2      | Noticed Terence
   998 | D:2      | Noticed a phantom
  1186 | D:2      | Noticed Sigmund
  1336 | D:2      | Killed a phantom
  1336 | D:2      | Reached skill level 6 in Conjurations
  1336 | D:2      | Reached XP level 4. HP: 24/24 MP: 0/10
  1368 | D:2      | Reached skill level 7 in Conjurations
  1433 | D:2      | Killed from afar by Sigmund

Illustrated notes

Levels and vault maps discovered:
D:1:      lightli_arrival_maybe_door_vault, layout_basic, minmay_pentomino_v2
D:2:      layout_loops_cross, first_ration, minmay_curled_crystal,
          minmay_indecisive_spiral, uniq_natasha, uniq_terence, uniq_sigmund

Skill      XL: |  1  2  3  4 |
---------------+-------------+-----
Conjurations   | 5 6 7 |  7.0
Dodging        | |  2.4
Stealth        | |  2.4
Spellcasting   | |  3.0

Action                   |  1- 3 |  4- 6 || total
-------------------------+-------+-------++-------
Melee: Whip              |       |    10 ||    10
 Cast: Magic Dart        |    54 |    12 ||    66
  Use: Scroll            |     1 |       ||     1
  Eat: Chunk             |     1 |       ||     1
Dodge: Dodged            |     3 |     6 ||     9
